Map: Agora mauve EC

Players

MGEĪĪSniper - Winner!

  • Race: Terran Terran
  • League: Gold
  • Spawn Location: 11:00

Souv

  • Race: Protoss Protoss
  • League: Master
  • Spawn Location: 5:00

VOD

Have the link to the VOD?

Description

Time

  • Played on: Feb. 26, 2025, 4:33 a.m.
  • Length: 22:26
Show
View Real Time Build Order
Export as new Build Order

MGEĪĪSniper Terran - Winner!

Build Orders: Mech 

Get SALT Encoding   

  12  0:01  SCV  
  13  0:13  SCV  
  14  0:17  Supply Depot  
  14  0:25  SCV  
  15  0:39  SCV  
  15  0:40  Barracks  
  16  0:51  SCV  
  16  0:53  Refinery  
  17  0:57  Refinery  
  17  1:03  SCV  
  18  1:12  Supply Depot  
  18  1:15  SCV  
  19  1:27  SCV  
  19  1:31  Marine  
  21  1:40  Factory  
  21  1:44  SCV  
  22  1:49  Barracks Tech Lab  
  22  1:57  Orbital Command  
  22  2:18  Marine  
  23  2:24  SCV  
  24  2:30  Barracks  
  24  2:31  Factory Tech Lab  
  24  2:36  SCV, Stimpack  
  25  2:37  Marine  
  26  2:48  SCV  
  27  2:51  Siege Tank  
  27  2:55  Marine  
  27  2:57  Engineering Bay  
  31  3:05  Supply Depot  
  31  3:13  Marine  
  31  3:21  Barracks Reactor  
  31  3:23  Starport  
  31  3:26  SCV  
  32  3:27  Supply Depot  
  32  3:30  Siege Tank  
  35  3:38  Marine  
  36  3:52  Missile Turret  
  36  3:56  Missile Turret, SCV  
  36  3:58  Marine x2  
  36  3:59  Marine  
  40  4:11  Viking  
  40  4:16  Marine  
  43  4:17  Marine  
  44  4:36  Marine x3  
  47  4:43  Supply Depot  
  47  5:04  SCV  
  47  5:06  Supply Depot  
  46  5:14  Marine  
  38  5:15  Combat Shield  
  38  5:16  SCV  
  38  5:17  Marine  
  38  5:18  Siege Tank  
  45  5:22  Factory  
  45  5:34  Command Center  
  43  5:42  SCV  
  44  5:47  Factory  
  44  5:48  Starport Reactor  
  44  5:49  Marine  
  45  5:56  Marine  
  46  5:59  Supply Depot  
  46  6:07  Factory Tech Lab  
  46  6:11  Marine  
  47  6:19  SCV  
  47  6:21  Marine, Armory  
  47  6:22  Supply Depot  
  49  6:28  Siege Tank  
  49  6:31  SCV  
  53  6:34  Medivac  
  55  7:14  Orbital Command  
  56  7:15  SCV  
  54  7:27  SCV  
  47  7:37  Marauder  
  47  7:41  Hellbat x2  
  47  7:42  Hellbat  
  50  7:47  Supply Depot  
  50  7:48  SCV x2  
  52  7:54  Marine  
  52  7:55  Concussive Shells, Marine  
  52  7:57  Command Center  
  54  7:59  Marauder  
  54  8:00  SCV  
  54  8:05  SCV  
  58  8:09  Supply Depot  
  58  8:12  Marine x2, SCV  
  59  8:15  Factory Tech Lab, Siege Tank  
  64  8:20  Marauder, Siege Tank  
  64  8:23  SCV  
  64  8:24  SCV  
  71  8:32  Missile Turret  
  71  8:33  Marine  
  72  8:34  Marine  
  72  8:36  Refinery  
  72  8:37  Widow Mine  
  72  8:40  Medivac  
  79  8:41  Marauder  
  79  8:43  SCV x2  
  81  8:55  SCV x2  
  83  9:00  Medivac  
  87  9:03  Marauder  
  87  9:10  Medivac  
  87  9:12  Orbital Command  
  87  9:13  SCV x2  
  91  9:20  Marine x2  
  91  9:23  Marine  
  94  9:25  SCV  
  94  9:30  Liberator  
  98  9:34  Starport  
  98  9:37  Marine  
  99  9:40  Viking, SCV  
  99  9:41  SCV  
  99  9:44  Refinery  
  103  9:45  Refinery  
  103  9:47  Refinery  
  103  9:48  Marine x2  
  103  9:52  SCV  
  106  9:54  SCV  
  107  10:07  Siege Tank  
  107  10:08  Siege Tank  
  107  10:10  Viking  
  107  10:12  Command Center  
  107  10:13  Viking  
  117  10:16  Sensor Tower  
  117  10:22  Marine  
  117  10:23  Marine x2  
  120  10:36  Supply Depot  
  120  10:40  Marine x2  
  122  10:59  Supply Depot  
  122  11:07  Marauder  
  96  11:28  Command Center  
  96  11:29  Marine, Marauder  
  96  11:30  Marine  
  100  11:32  Barracks  
  100  11:36  Barracks, Starport Reactor  
  100  11:37  Siege Tank  
  100  11:38  Siege Tank  
  100  11:39  Viking x2  
  110  11:47  Marine  
  110  11:48  Marine  
  110  11:50  Marauder  
  114  11:59  Command Center  
  114  12:05  Marine  
  114  12:06  Marine  
  114  12:12  Marauder  
  116  12:33  Marauder  
  116  12:34  Viking x3  
  116  12:35  Viking  
  126  13:04  Medivac  
  128  13:23  Marine, Marauder  
  128  13:24  Marine  
  132  13:27  Barracks Reactor  
  132  13:28  Barracks Tech Lab  
  132  13:35  Orbital Command  
  132  13:37  SCV  
  132  13:38  SCV  
  132  13:41  Marine x2  
  134  13:44  Marauder  
  138  13:52  Command Center  
  138  13:53  Command Center  
  138  13:59  Marine x2  
  138  14:06  Marauder  
  138  14:17  Marine x2  
  140  14:27  Marauder  
  122  14:44  Marine, Marauder  
  122  14:45  Marine  
  126  14:46  Viking  
  126  14:47  Viking x3  
  126  14:48  Marauder  
  126  14:49  Siege Tank  
  126  14:50  Siege Tank x2  
  142  15:06  Marauder  
  137  15:10  Marauder  
  136  15:16  Viking  
  136  15:17  Viking x2, SCV  
  136  15:19  SCV  
  144  15:22  Siege Tank x3  
  153  15:29  SCV  
  153  15:31  SCV  
  155  15:36  Planetary Fortress  
  155  15:39  Sensor Tower, SCV  
  155  15:40  SCV x2  
  155  15:42  SCV  
  159  15:43  SCV  
  159  15:44  Planetary Fortress  
  159  15:45  Missile Turret  
  160  15:50  Missile Turret  
  160  15:51  SCV  
  160  15:52  SCV x2  
  160  15:54  Barracks, SCV, Siege Tank  
  160  15:55  SCV  
  160  15:56  Factory  
  168  15:58  Missile Turret  
  168  16:01  Viking x2  
  168  16:03  Marauder  
  168  16:04  SCV  
  175  16:05  Missile Turret  
  175  16:06  SCV  
  175  16:07  SCV  
  175  16:10  Missile Turret  
  173  16:26  Infernal Pre-Igniter  
  173  16:28  Hellbat  
  173  16:29  Hellbat x2  
  173  16:32  Refinery  
  179  16:33  Refinery, SCV  
  180  16:42  Factory  
  180  16:43  Factory  
  180  16:45  SCV  
  181  16:48  Sensor Tower, SCV  
  181  16:50  Hellbat x2, Refinery  
  181  16:51  Hellbat  
  181  16:52  Refinery  
  188  16:55  Sensor Tower, Liberator  
  188  17:00  SCV  
  192  17:02  Orbital Command  
  192  17:11  Hellbat  
  192  17:12  Hellbat, Widow Mine, SCV  
  199  17:17  Barracks Reactor  
  199  17:19  Factory Tech Lab  
  199  17:24  SCV  
  200  17:32  Factory Tech Lab  
  200  17:43  Orbital Command  
  200  17:58  Fusion Core  
  200  18:05  Factory Tech Lab  
  184  18:15  Starport  
  170  18:21  Refinery  
  170  18:22  Refinery  
  170  18:25  Starport  
  152  18:29  Hellion  
  129  19:03  Starport  
  121  19:18  Weapon Refit, Starport Tech Lab  
  121  19:22  Terran Vehicle And Ship Armor Level 1  
  114  19:26  Armory  
  114  19:28  Starport Tech Lab, Siege Tank  
  114  19:29  Thor x2, Siege Tank  
  123  19:36  Starport  
  123  19:39  Factory Tech Lab  
  123  19:42  Starport  
  123  19:52  Marine  
  119  19:53  Marine x7  
  119  19:59  Medivac x2  
  128  20:00  Viking x2, Medivac  
  128  20:01  Hellbat x2  
  135  20:10  Marine  
  135  20:11  Marine x7  
  135  20:12  Hellbat x2  
  144  20:20  Starport  
  141  20:22  Hellbat x2  
  141  20:26  Neosteel Armor  
  141  20:28  Marine x2  
  145  20:29  Viking, Marine x6, Factory Tech Lab  
  145  20:33  Hellbat  
  145  20:34  Hellbat  
  159  20:44  Hellbat  
  159  20:45  Engineering Bay  
  159  20:46  Marine x6  
  159  20:47  Marauder x2  
  159  20:48  Starport Tech Lab  
  171  20:52  Barracks  
  162  21:09  Marauder x2  
  166  21:30  Marauder x2  
  194  21:51  Marauder x2  
Show
View Real Time Build Order
Export as new Build Order

Souv Protoss 

Build Orders:  

Get SALT Encoding   

  12  0:00  Probe  
  13  0:12  Probe  
  14  0:18  Pylon  
  14  0:24  Probe  
  15  0:34  Probe  
  15  0:40  Gateway  
  15  0:42  Probe  
  17  0:50  Assimilator  
  17  0:56  Assimilator  
  17  0:58  Probe  
  18  1:12  Probe  
  19  1:18  Gateway  
  19  1:30  Cybernetics Core  
  19  1:33  Pylon  
  19  1:37  Probe  
  20  1:49  Probe  
  21  1:57  Stalker  
  21  1:58  Stalker  
  21  2:07  Warp Gate  
  21  2:15  Probe  
  25  2:29  Stalker  
  27  2:42  Stalker, Pylon  
  29  2:58  Nexus  
  29  3:04  Probe  
  30  3:16  Probe  
  31  3:24  Robotics Facility  
  31  3:28  Probe  
  31  3:29  Twilight Council  
  32  3:40  Probe  
  33  3:55  Probe  
  34  3:58  Stalker, Shield Battery  
  34  3:59  Stalker  
  38  4:06  Observer  
  38  4:07  Probe  
  40  4:19  Immortal, Probe x2  
  46  4:33  Probe x2  
  48  4:51  Immortal  
  48  4:59  Stalker  
  54  5:06  Pylon  
  48  5:18  Stalker  
  50  5:21  Probe  
  50  5:22  Probe  
  50  5:26  Charge  
  52  5:33  Probe  
  53  5:43  Pylon x2  
  53  5:49  Zealot x2, Robotics Bay  
  57  6:02  Probe  
  57  6:03  Probe  
  59  6:10  Forge  
  59  6:13  Zealot x2  
  59  6:15  Probe x2  
  65  6:25  Assimilator  
  65  6:27  Probe  
  65  6:28  Extended Thermal Lance  
  65  6:29  Assimilator  
  66  6:33  Probe  
  66  6:36  Protoss Ground Weapons Level 1  
  66  6:37  Nexus, Pylon  
  67  6:41  Probe  
  67  6:45  Probe  
  69  7:22  Pylon  
  57  7:45  Zealot x2  
  61  8:02  Probe x3  
  64  8:07  Stalker, Colossus  
  64  8:08  Stalker  
  64  8:09  Photon Cannon  
  68  8:16  Probe x3  
  68  8:18  Pylon  
  77  8:28  Probe x3  
  80  8:39  Gateway  
  80  8:40  Probe x3, Gateway  
  83  8:46  Pylon  
  83  8:52  Probe  
  83  8:55  Observer, Probe x2  
  85  8:59  Colossus  
  86  9:04  Zealot, Probe  
  95  9:17  Photon Cannon  
  95  9:18  Protoss Ground Weapons Level 2  
  95  9:19  Zealot  
  97  9:31  Zealot  
  97  9:36  Probe x2  
  97  9:37  Probe  
  97  9:38  Templar Archives  
  102  9:39  Stalker, Colossus  
  102  9:40  Stalker  
  106  9:49  Zealot  
  108  9:59  Zealot  
  116  10:02  Probe x3  
  116  10:06  Assimilator  
  119  10:11  Stalker  
  119  10:12  Stalker  
  123  10:16  Zealot  
  125  10:37  Pylon  
  125  10:38  Pylon  
  124  10:43  Pylon  
  124  10:44  Pylon  
  124  10:45  Warp Prism  
  124  10:46  Pylon  
  93  11:19  Zealot x3  
  93  11:20  Zealot  
  93  11:25  Probe x3  
  104  11:37  Probe  
  105  11:47  Photon Cannon  
  105  11:48  Zealot  
  105  11:49  Zealot x3  
  113  12:07  Photon Cannon  
  111  12:10  Zealot x4, Photon Cannon  
  113  12:37  Probe x3  
  113  12:41  Pylon  
  116  12:48  Shield Battery, Colossus  
  116  12:49  Probe x3  
  111  13:01  Probe x2  
  119  13:12  Stalker x3  
  122  13:13  Stalker  
  126  13:23  Robotics Facility  
  126  13:28  Stargate  
  126  13:43  Gateway  
  126  13:44  Colossus  
  126  13:45  Gateway  
  126  13:47  Gateway  
  126  13:48  Stalker  
  126  13:49  Stalker x3, Gateway  
  140  13:58  Protoss Ground Weapons Level 3  
  140  14:03  Colossus  
  134  14:16  Stalker  
  142  14:17  Stalker x3  
  142  14:20  Probe x3  
  151  14:26  Assimilator  
  145  14:32  Probe  
  109  14:46  Zealot x3  
  109  14:47  Zealot x5  
  125  14:53  Colossus  
  114  15:12  Probe x3  
  114  15:14  Phoenix  
  115  15:27  Zealot x5  
  115  15:28  Zealot x3  
  133  15:30  Probe x2  
  133  15:32  Photon Cannon x2  
  135  15:37  Photon Cannon, Phoenix  
  137  15:53  Stalker x3  
  137  15:54  Stalker  
  145  15:59  High Templar x3  
  145  16:02  High Templar, Phoenix  
  155  16:04  Archon  
  155  16:06  Archon  
  152  17:03  Stalker x2  
  152  17:04  Stalker x4  
  164  17:15  Nexus  
  164  17:19  Pylon  
  164  17:20  Pylon  
  164  17:21  Pylon x2  
  164  17:38  High Templar  
  164  17:39  High Templar x6, Protoss Ground Armor Level 1  
  164  17:43  Archon x3  
  178  17:49  Pylon  
  178  17:50  Pylon  
  178  17:52  Pylon  
  134  18:24  Pylon  
  112  18:29  Stalker x3  
  112  18:30  Stalker x5  
  108  18:57  Zealot  
  108  18:58  Zealot x7  
  90  19:23  Zealot x3  
  90  19:24  Zealot x4  
  86  19:50  Stalker x6  
  86  19:51  Stalker x2  
  81  20:28  Zealot  
  81  20:29  Zealot x6  
  95  20:50  High Templar  
  95  20:51  High Templar x4  
  85  21:09  Archon  
  85  21:10  Archon  
  73  21:19  Probe x3  
  73  21:22  High Templar x3  
  73  21:23  High Templar x2  
  86  21:26  Immortal  
  90  21:33  Archon  
  90  21:34  Archon  
  90  21:36  Zealot  
  90  21:38  Zealot  
  94  21:43  Pylon  
  94  21:47  Archon  
  94  21:51  Zealot  
  82  22:23  Zealot x3  
Tags
 
Composition
Mech
Matchup
PvT
Spawn Locations
Cross Positions
Add a new tag
Caveats
  • Supply blocks, unpowered buildings, or Contaminate may cause inaccurate times.
  • Supply counts are checked every 10 seconds.